 Dungeon Crawl Stone Soup version 0.30-a0-779-g7971cf19c3 (webtiles) character file.

Game seed: 83408905707870629

68 Shayle the Conjurer (level 4, 31/32 HPs)
             Began as a Demonspawn Conjurer on Feb 17, 2023.
             Quit the game on level 4 of the Dungeon.
             The game lasted 00:06:25 (3181 turns).

Shayle the Conjurer (Demonspawn Conjurer)           Turns: 3181, Time: 00:06:26

Health: 31/32      AC:  2    Str:  7    XL:     4   Next: 1%
Magic:  1/7        EV: 12    Int: 28    God:
Gold:   116        SH:  0    Dex: 11    Spells: 1/7 levels left

rFire   . . .      SeeInvis .    k - +0 broad axe
rCold   + . .      Faith    .    (no shield)
rNeg    . . .      Spirit   .    a - +0 robe
rPois   .          Reflect  .    (helmet restricted)
rElec   .          Harm     .    (no cloak)
rCorr   .          Rampage  .    (no gloves)
Will    .....                    (no boots)
Stlth   ++                       (no amulet)
HPRegen 0.25/turn                g - +6 ring of intelligence
MPRegen 0.10/turn                m - ring of protection from cold

@: no status effects
A: antennae 1, demonic guardian 1
a: no special abilities


You were on level 4 of the Dungeon.
You visited 1 branch of the dungeon, and saw 4 of its levels.

You collected 116 gold pieces.

Inventory:

Hand Weapons
 d - a +0 mace
 k - a +0 broad axe (weapon)
Armour
 a - a +0 robe (worn)
 c - a +0 pair of gloves
Jewellery
 g - a +6 ring of intelligence (left hand)
 l - a ring of fire
 m - a ring of protection from cold (right hand)
Scrolls
 o - 2 scrolls of identify
 p - a scroll of amnesia {unknown}
Potions
 b - a potion of magic
 e - 3 potions of curing
 f - a potion of brilliance {unknown}
 h - 2 potions of resistance
 i - a potion of degeneration {unknown}
 j - 2 potions of lignification {unknown}
 n - a potion of cancellation {unknown}
 q - a potion of flight {unknown}


   Skills:
 + Level 1.3 Fighting
 + Level 2.3 Dodging
 + Level 2.4 Stealth
 + Level 2.4 Spellcasting
 + Level 4.3 Conjurations


You had one spell level left.
You knew the following spells:

 Your Spells              Type           Power      Damage    Failure   Level
a - Magic Dart            Conj           100%       1d8       1%          1
b - Searing Ray           Conj           56%        2d6       2%          2
c - Dazzling Flash        Conj/Hex       30%        N/A       11%         3

Your spell library contained the following spells:

 Spells                   Type           Power      Damage    Failure   Level
 Sublimation of Blood     Necr           3%         N/A       13%         2
 Wereblood                Tmut           3%         N/A       13%         2
 Fulminant Prism          Conj/Hex       7%         3d7       34%         4
 Iskenderun's Mystic Bla  Conj/Tloc      15%        2d5       34%         4
 Summon Hydra             Summ           1%         N/A       100%        7


Dungeon Overview and Level Annotations

Branches:
Dungeon (4/15)
 Temple: D:4-7

Altars:


Innate Abilities, Weirdness & Mutations

You have a pair of small antennae on your head.
A weak demonic guardian rushes to your aid.


Message History

You kill the goblin! (Press . to maintain the ray.) Magic restored.
Found a robe.
q - a murky silvery potion Done exploring.
Done exploring.
(D) Dungeon
Where to? (Enter - D:3, ? - help)
There is a stone staircase leading down here.
You climb downwards.
Found a stone staircase leading down.
There is a stone staircase leading up here.
Found a stone staircase leading up.
There is a stone staircase leading up here.
There is a stone staircase leading up here.
Found a mace.
An orc comes into view. It is wielding a +0 whip.
The orc shouts!
You hear a shout!
A kobold comes into view. It is wielding a +0 dagger.
Casting: Searing Ray (safe; 2% risk of failure)
Confirm with . or Enter, or press ? or * to list all spells.
Aiming: Searing Ray (safe; 2% risk of failure)
Press: ? - help, Shift-Dir - straight line, f - orc
Aim: an orc, wielding a +0 whip (79% to hit)
The searing ray hits the orc.
The orc is moderately wounded. (Press . to maintain the ray.)
The searing ray misses the orc.
The orc closely misses you.
The kobold throws a stone.
The stone hits you.
The searing ray hits the orc.
The orc is heavily wounded.
The orc misses you.
The searing ray hits the orc!
You kill the orc!
You finish channelling your searing ray.
You have reached level 4!
You feel clever.
Your demonic ancestry asserts itself...
You feel the presence of a demonic guardian.
Are you sure you want to abandon this character and quit the game? (Confirm with "yes".)

##.....###
###........#
##...........#
#.............
##.............
#..............
##..............
#...............
#...@......)...
#...).........
#..............
##............
#........K...
##...........
#.#.#.#.#.#.
.... ......


You could see a kobold.

Vanquished Creatures
  3 dart slugs (D:1)
  2 orcs
  6 ball pythons
  8 bats
  6 endoplasms
  2 giant cockroaches (D:1)
  2 goblins (D:3)
  6 hobgoblins
  6 jackals (D:3)
  3 quokkas (D:1)
  2 frilled lizards (D:1)
  5 kobolds (D:1)
  2 rats
53 creatures vanquished.

Notes
Turn   | Place    | Note
-------+----------+-------------------------------------------
     0 | D:1      | Shayle the Demonspawn Conjurer began the quest for the Orb.
     0 | D:1      | Reached XP level 1. HP: 13/13 MP: 3/3
   273 | D:1      | Gained mutation: You have a pair of small antennae on your
                  | head. [demonic ancestry]
   273 | D:1      | Reached XP level 2. HP: 20/20 MP: 0/5
   342 | D:1      | Learned a level 2 spell: Searing Ray
   747 | D:1      | Reached XP level 3. HP: 25/25 MP: 1/6
   800 | D:1      | Reached skill level 1 in Fighting
  1373 | D:1      | Found a faded altar of an unknown god.
  1940 | D:2      | Learned a level 3 spell: Dazzling Flash
  3181 | D:4      | Gained mutation: A weak demonic guardian rushes to your
                  | aid. [demonic ancestry]
  3181 | D:4      | Reached XP level 4. HP: 31/32 MP: 1/7
  3181 | D:4      | Quit the game

Illustrated notes

Levels and vault maps discovered:
D:1:      giann_forest_graveyard, layout_loops_ring,
          shapermc_ecumenical_altar_hornbeckon, minmay_hedge_maze,
          hangedman_decor_peaks_small, reono_crystal_passage,
          minmay_tetromino_o2
D:2:      layout_basic
D:3:      layout_loops_ring, mainiacjoe_overflow_alcove_1
D:4:      layout_cave_pods, st_stairs_11

Skill      XL: |  1  2  3 |
---------------+----------+-----
Stealth        | 2 |  2.4
Dodging        | 2 |  2.3
Fighting       | 1 |  1.3
Spellcasting   | |  2.4
Conjurations   | |  4.3

Action                     |  1- 3 |  4- 6 || total
---------------------------+-------+-------++-------
  Melee: Mace              |    43 |       ||    43
         Broad axe         |    62 |       ||    62
   Cast: Magic Dart        |    54 |       ||    54
         Searing Ray       |     5 |       ||     5
    Use: Scroll            |     4 |       ||     4
   Stab: Sleeping          |     2 |       ||     2
 Armour: Robe              |    25 |       ||    25
  Dodge: Dodged            |   100 |       ||   100

Table legend: (Time is in decaauts)
 A = Elapsed time spent in this place.
 B = Non-inter-level travel time spent in this place.
 C = Inter-level travel time spent in this place.
 D = Time resting spent in this place.
 E = Time spent auto-exploring this place.
 F = Levels seen in this place.
 G = Mean time per level.
                   A        B        C        D        E       F      G
               +--------+--------+--------+--------+--------+-----+--------+
         Total |   3239 |   3140 |     99 |    397 |   2188 |   4 |  809.8 |
       Dungeon |   3239 |   3140 |     99 |    397 |   2188 |   4 |  809.8 |
               +--------+--------+--------+--------+--------+-----+--------+

Top non-repeatable levels by time:
     D:1: 1489 daAuts
     D:3: 847 daAuts
     D:2: 846 daAuts
     D:4: 56 daAuts
